Map: Ruby Rock LE

Players

Clem - Winner!

  • Race: Terran Terran

Classic

  • Race: Protoss Protoss

VOD

Have the link to the VOD?

Description

Time

  • Played on: Jan. 17, 2026, 2:52 a.m.
  • Length: 11:29
Show
View Real Time Build Order
Export as new Build Order

Clem Terran - Winner!

Build Orders:  

Get SALT Encoding   

  12  0:00  SCV  
  13  0:12  SCV  
  14  0:16  Supply Depot  
  14  0:24  SCV  
  15  0:38  SCV  
  15  0:40  Barracks  
  15  0:42  Refinery  
  16  0:50  SCV  
  16  0:52  Refinery  
  17  1:02  SCV  
  18  1:14  SCV  
  19  1:28  Reaper, Orbital Command  
  20  1:39  Factory  
  20  1:43  Supply Depot  
  20  1:53  SCV  
  21  2:00  Reaper  
  22  2:05  SCV  
  23  2:15  Command Center  
  23  2:17  SCV  
  24  2:23  Hellion  
  26  2:30  Starport  
  26  2:33  SCV  
  27  2:38  Supply Depot  
  27  2:41  Barracks Reactor  
  27  2:46  SCV  
  27  2:49  Widow Mine  
  30  2:58  SCV  
  31  3:07  Medivac  
  31  3:10  SCV  
  31  3:12  Widow Mine  
  35  3:18  Marine  
  35  3:19  Marine, Barracks  
  37  3:22  SCV  
  38  3:27  Orbital Command  
  40  3:34  Widow Mine, SCV  
  40  3:37  Medivac  
  43  3:41  Marine x2  
  43  3:46  Supply Depot  
  45  3:49  SCV  
  45  3:53  SCV  
  47  3:58  Widow Mine  
  47  4:01  SCV  
  47  4:02  Marine x2  
  50  4:05  SCV  
  53  4:13  SCV  
  53  4:15  Barracks Tech Lab  
  53  4:16  Starport Reactor  
  53  4:17  Supply Depot  
  54  4:18  SCV  
  54  4:22  Marine x2  
  55  4:26  SCV  
  55  4:28  Barracks  
  55  4:30  SCV  
  56  4:34  Stimpack  
  56  4:35  Marine, Supply Depot  
  57  4:38  SCV  
  57  4:41  Bunker  
  57  4:42  Marine x2  
  57  4:43  SCV  
  61  4:47  Factory Tech Lab  
  61  4:51  SCV  
  62  4:55  Marine, SCV  
  58  5:02  Marine x2  
  58  5:03  SCV  
  61  5:07  SCV  
  62  5:15  SCV  
  62  5:16  Supply Depot  
  62  5:17  Engineering Bay  
  62  5:18  Refinery  
  62  5:19  Marauder, SCV  
  62  5:20  Marine  
  65  5:21  Factory Reactor  
  65  5:22  Combat Shield  
  65  5:24  Marauder  
  65  5:26  Marine  
  65  5:27  SCV  
  69  5:31  Medivac  
  69  5:32  SCV, Refinery  
  69  5:33  Medivac  
  74  5:38  Supply Depot, Marine  
  74  5:39  SCV  
  74  5:42  Marauder  
  78  5:44  Marine  
  78  5:47  Supply Depot  
  78  5:48  SCV  
  80  5:50  Terran Infantry Weapons Level 1, Marine  
  80  5:51  SCV  
  82  5:57  Marine  
  82  6:00  SCV  
  82  6:03  SCV  
  82  6:09  Marauder  
  82  6:10  Marine  
  82  6:11  Marauder  
  87  6:13  Supply Depot  
  87  6:15  Medivac  
  89  6:22  Medivac  
  89  6:23  Supply Depot, Marine  
  91  6:29  Marine  
  92  6:34  Marauder  
  92  6:36  Command Center  
  94  6:47  Medivac  
  92  6:48  Marine  
  92  6:49  SCV  
  92  6:52  Marauder  
  94  6:57  Marine, Widow Mine x2  
  94  6:58  Marauder  
  94  7:01  SCV, Medivac  
  101  7:05  SCV  
  101  7:06  Marine  
  101  7:13  SCV, Marauder  
  101  7:14  Marine  
  99  7:18  Barracks, Widow Mine  
  99  7:20  Barracks  
  99  7:22  Supply Depot  
  101  7:23  Widow Mine  
  101  7:24  Marauder  
  105  7:32  SCV  
  105  7:33  Medivac  
  105  7:34  Marine, SCV, Marauder  
  103  7:41  Ghost Academy  
  103  7:43  Medivac  
  105  7:46  Marine  
  105  7:47  Supply Depot, Marauder  
  108  7:53  Marine, Widow Mine x2  
  108  7:54  SCV  
  108  7:58  Marauder  
  114  7:59  SCV  
  114  8:04  Marine  
  116  8:06  Barracks Tech Lab x2  
  116  8:09  Marauder, Liberator  
  116  8:10  SCV  
  116  8:11  Orbital Command  
  122  8:14  SCV  
  122  8:16  Marine  
  122  8:19  Marine  
  125  8:22  SCV, Terran Infantry Armor Level 1  
  125  8:23  Marine, Supply Depot  
  127  8:28  Bunker  
  127  8:29  Ghost  
  127  8:30  SCV  
  130  8:35  SCV, Marauder  
  130  8:38  SCV  
  130  8:40  Marauder  
  135  8:42  SCV  
  135  8:47  SCV  
  134  8:50  SCV  
  134  8:54  Marine x2, SCV  
  135  8:56  Ghost  
  135  8:59  SCV  
  142  9:03  SCV, Marauder x2  
  142  9:08  Widow Mine x2, SCV  
  148  9:10  Refinery x2  
  148  9:11  SCV  
  148  9:15  SCV, Marine  
  148  9:16  Marine  
  150  9:17  Supply Depot x2  
  150  9:18  Marauder  
  150  9:20  Medivac  
  156  9:24  Marauder  
  156  9:35  Supply Depot, Marauder, Widow Mine  
  156  9:36  Widow Mine  
  157  9:38  Marauder  
  157  9:40  Marauder  
  157  9:42  Medivac, Marine x2  
  164  9:45  Marauder  
  164  9:47  Supply Depot  
  164  9:50  Supply Depot  
  164  9:52  Supply Depot, Liberator  
  164  9:56  Marine  
  164  9:59  Supply Depot  
  170  10:00  Marauder, Marine  
  170  10:06  Armory  
  170  10:09  Ghost  
  169  10:18  Command Center  
  169  10:19  Ghost  
  171  10:27  Marine  
  171  10:28  Marine  
  171  10:29  Viking  
  171  10:30  Sensor Tower, Engineering Bay  
  171  10:32  Widow Mine x2  
  179  10:35  Marauder  
  179  10:36  Marauder  
  179  10:39  Marauder  
  165  10:48  Marauder  
  165  10:49  Marine x2  
  168  10:54  Widow Mine, Medivac  
  168  10:56  Ghost  
  166  10:58  Marauder  
  166  11:00  Marauder, Widow Mine  
  166  11:07  Marine  
  166  11:08  Marine  
Show
View Real Time Build Order
Export as new Build Order

Classic Protoss 

Build Orders: 1 Gate Expand, Blink Stalkers 

Get SALT Encoding   

  12  0:00  Probe  
  13  0:12  Probe  
  14  0:17  Pylon  
  14  0:24  Probe  
  15  0:32  Probe  
  15  0:36  Gateway  
  15  0:40  Probe  
  16  0:45  Assimilator  
  17  0:50  Probe  
  18  1:03  Probe  
  19  1:19  Nexus  
  19  1:29  Cybernetics Core  
  19  1:32  Probe  
  20  1:38  Assimilator  
  20  1:44  Probe  
  21  1:48  Pylon  
  21  1:54  Stalker  
  21  1:56  Probe  
  22  2:06  Warp Gate  
  24  2:08  Probe  
  25  2:20  Probe  
  26  2:23  Sentry  
  26  2:28  Probe  
  26  2:29  Probe  
  28  2:36  Probe  
  30  2:37  Probe, Shield Battery  
  30  2:43  Twilight Council  
  32  2:46  Probe  
  32  2:47  Probe  
  34  2:51  Stalker  
  34  2:58  Probe  
  37  2:59  Probe  
  37  3:00  Blink  
  38  3:08  Gateway  
  38  3:10  Probe  
  38  3:11  Probe  
  40  3:22  Probe  
  40  3:23  Probe  
  40  3:27  Pylon  
  42  3:34  Robotics Facility  
  42  3:35  Probe x2  
  44  3:43  Gateway  
  44  3:47  Probe x2  
  46  3:50  Pylon  
  46  3:55  Stalker  
  46  4:00  Probe x2  
  50  4:03  Stalker  
  50  4:05  Assimilator  
  50  4:06  Assimilator  
  52  4:10  Pylon  
  52  4:22  Stalker  
  52  4:24  Observer  
  55  4:26  Probe  
  55  4:27  Probe  
  56  4:34  Gateway x2  
  56  4:36  Gateway  
  56  4:39  Probe  
  56  4:41  Observer  
  56  4:44  Stalker x2  
  61  4:56  Stalker  
  60  5:11  Probe x2  
  62  5:15  Stalker  
  64  5:28  Nexus  
  64  5:31  Templar Archives  
  64  5:35  Pylon  
  64  5:41  Pylon  
  64  5:42  Probe x2  
  66  5:54  Probe x2  
  66  6:06  Gateway, Probe x2  
  66  6:09  Gateway  
  68  6:14  Forge  
  68  6:15  High Templar  
  70  6:18  Probe  
  70  6:19  Probe  
  70  6:21  Warp Prism  
  70  6:24  High Templar  
  73  6:28  Pylon  
  73  6:30  Probe  
  73  6:31  Probe  
  77  6:43  Probe x2  
  77  6:46  Zealot  
  77  6:47  Zealot x3  
  80  6:53  Stalker  
  80  6:57  Stalker  
  80  7:00  Probe x2  
  76  7:01  Stalker  
  76  7:05  Stalker  
  76  7:07  Zealot  
  66  7:16  Probe x2  
  66  7:17  Charge, Zealot  
  66  7:20  Zealot  
  72  7:25  Stalker x2  
  71  7:31  Zealot  
  71  7:38  Probe x3  
  74  7:46  Probe x3  
  74  7:47  Templar Archives  
  77  8:03  Stalker x4  
  72  8:06  Probe  
  72  8:08  Probe x2  
  75  8:16  Adept x2  
  75  8:17  Adept  
  81  8:24  Psionic Storm  
  81  8:26  Probe x2  
  82  8:28  Probe  
  84  8:39  Probe x2  
  84  8:40  Probe  
  87  8:42  Zealot x2  
  87  8:43  Zealot  
  89  8:51  Probe x2  
  89  8:52  Probe  
  89  8:53  Observer  
  89  8:58  Zealot  
  89  8:59  Zealot x3  
  97  9:03  Probe  
  97  9:05  Protoss Ground Weapons Level 1  
  98  9:10  Probe x2  
  98  9:11  High Templar x2, Assimilator  
  98  9:15  Probe, Assimilator  
  103  9:18  Pylon  
  103  9:21  High Templar, Zealot  
  100  9:37  Stalker  
  98  9:46  Pylon  
  98  9:53  Pylon x2  
  98  9:54  Pylon  
  98  10:02  Pylon  
  98  10:03  Nexus  
  94  10:11  Probe x2  
  96  10:15  High Templar x2, Zealot x3  
  96  10:20  Archon  
  106  10:23  Probe  
  106  10:25  Stalker  
  83  10:55  Archon  
  83  10:56  High Templar  
  79  10:59  Zealot x6  
  55  11:19  Zealot x4  
  55  11:20  Zealot x2  
Tags
 
Add a new tag
Caveats
  • Supply blocks, unpowered buildings, or Contaminate may cause inaccurate times.
  • Supply counts are checked every 10 seconds.